 Dungeon Sprint DCSS version 0.31-a0-331-geda263fcf1 (webtiles) character file.

Game seed: 6057320877894117497

4825 dialectric the Ninja (level 10, -2/73 HPs)
             Began as an Octopode Brigand on July 19, 2023.
             Was a Believer of Jiyva.
             Slain by a demonic crawler (8 damage)
             ... in the Dungeon (Sprint I: "Red Sonja").
             The game lasted 00:03:31 (633 turns).

dialectric the Ninja (Octopode Brigand)              Turns: 633, Time: 00:03:33

Health: -2/73      AC:  1    Str: 11    XL:     10   Next: 49%
Magic:  10/10      EV: 15    Int: 13    God:    Jiyva [**....]
Gold:   297        SH:  0    Dex: 18    Spells: 9/9 levels left

rFire   . . .        a - +2 dagger
rCold   . . .        (no shield)
rNeg    . . .        (helmet restricted)
rPois   .            (no amulet)
rElec   .            (no ring)
rCorr   +            (no ring)
SInv    .            (no ring)
Will    .....        (no ring) Stlth *+++++++++
                     (no ring)
HPRegen 1.28/turn    (no ring)
MPRegen 0.42/turn    (no ring)
                     (no ring)

%: no teleportation
@: no status effects
A: almost no armour, amphibious, 8 rings, camouflage 1, gelatinous body 1,
(nimble swimmer 1), tentacles
a: Renounce Religion


You were in the Dungeon.
You worshipped Jiyva.
Jiyva was pleased with you.
You visited 1 branch You collected 693 gold pieces.
You spent 396 gold pieces at shops.

Inventory:

Hand Weapons
 a - a +2 dagger (weapon)
Missiles
 b - 9 poisoned darts
 j - 4 curare-tipped darts (quivered)
Jewellery
 i - a +4 ring of protection
Wands
 c - a wand of mindburst (12)
Potions
 d - a potion of curing
 e - a potion of heal wounds
 f - a potion of haste
 g - 2 potions of magic
 h - a potion of berserk rage
 k - a potion of mutation {unknown}


   Skills:
 + Level 8.7 Fighting
 + Level 9.4 Short Blades
 - Level 2.7 Throwing
 + Level 4.7 Dodging
 O Level 27 Stealth
 + Level 4.0 Evocations


You had 9 spell levels left.
You didn't know any spells.
Your spell library was empty.

Dungeon Overview and Level Annotations

Branches:
Dungeon (1/1)

Altars:
Cheibriados
Dithmenos
Elyvilon
Fedhas
Gozag
Hepliaklqana
Kikubaaqudgha
Makhleb
Nemelex Xobeh
Okawaru
Qazlal
Ru
Sif Muna
Trog
Uskayaw
Vehumet
Wu Jian
Xom
Yredelemnul
Zin
The Shining One
Jiyva
Lugonu

Shops:
D *:*(**=!(:![:([[?


Innate Abilities, Weirdness & Mutations

You cannot wear most types of armour.
You are amphibious.
You can wear up to eight rings at the same time.
Your skin changes colour to match your surroundings (Stealth+).
Your rubbery body absorbs attacks. (AC +1, EV +1)
((You are camouflaged when in or above water. (Stealth+)))
You have tentacles for arms and can constrict up to eight enemies at once.


Message History

Something hits you. x2; Something barely misses you.
Something hits you! x2
Something hits you. Something barely misses you. Something hits you!
You miss something. Something hits you. Something completely misses you.
You hit something. Your squeeze misses something. You barely miss something.
You tentacle-slap something. Something hits you.
You swap places.
There is an open door here.
There is an open door here.
There is an open door here.
You enter the shallow water.
You barely miss the demonic crawler. The demonic crawler hits you!
The demonic crawler barely misses you. x2
You hit the demonic crawler.
The demonic crawler is lightly wounded.
The demonic crawler hits you. x2; The demonic crawler hits you!
Unknown command.
The demonic crawler attacks as you move away!
The demonic crawler barely misses you. The demonic crawler hits you. x2
The demonic crawler attacks as you move away!
The demonic crawler hits you!
* * * LOW HITPOINT WARNING * * *
The demonic crawler hits you.
* * * LOW HITPOINT WARNING * * *
The demonic crawler barely misses you. The demonic crawler hits you!
* * * LOW HITPOINT WARNING * * *
The demonic crawler barely misses you.
The demonic crawler hits you but does no damage.
There is an open door here.
The demonic crawler attacks as you move away!
The demonic crawler closely misses you. The demonic crawler barely misses you.
The demonic crawler hits you.
* * * LOW HITPOINT WARNING * * *
The demonic crawler closely misses you. The demonic crawler hits you.
* * * LOW HITPOINT WARNING * * *
The demonic crawler hits you!
You die...

###################
..#.)'..#__#..s..)#
..'..#..+..'..#...##+#
#'#####'#__####)..'†s#
..#...#.####..#####.s+
###..##.#~§§.§#.§# +##
__##'#G..~§§.§§§.#
..†'...§#~§~.§#s.#
__##_.#'##.#####@###
__###'#.#....###.'.#
#####.####.###.###.#
...............∩##.#
####...###########§#
G####.###.......##.#
..#.#.#.#..........#
..#.....#...######.#
..#G..G.#.....{{§#§#


You could see a demonic crawler (misshapen).

Vanquished Creatures
  2 centaur warriors (D)
  A demonic crawler (D)
  Sonja (D)
  A deep troll (D)
  An oklob plant (D)
  2 kobold demonologists (D)
  A hornet (D)
  A slime creature (D)
  Sigmund (D)
  A yak (D)
  2 redbacks (D)
  A floating eye (D)
  An ogre (D)
  A jelly (D)
  Ijyb (D)
18 creatures vanquished.

Vanquished Creatures (others)
  2 shining eyes (D)
  3 floating eyes (D)
  7 necrophages (D)
  7 jellies (D)
  2 ballistomycete spores (D)
21 creatures vanquished.

Grand Total: 39 creatures vanquished

Notes
Turn   | Place    | Note
-------+----------+-------------------------------------------
     0 | D        | dialectric the Octopode Brigand began the quest for the
                  | Orb.
     0 | D        | Reached XP level 1. HP: 14/14 MP: 1/1
     5 | D        | Noticed Ijyb
    14 | D        | Killed Ijyb
    15 | D        | Reached skill level 8 in Stealth
    15 | D        | Reached XP level 2. HP: 4/20 MP: 2/2
    15 | D        | Reached XP level 3. HP: 5/25 MP: 3/3
    97 | D        | Noticed an ogre
   108 | D        | Killed an ogre
   109 | D        | Reached skill level 12 in Stealth
   109 | D        | Reached XP level 4. HP: 32/32 MP: 4/4
   109 | D        | Reached XP level 5. HP: 36/36 MP: 5/5
   126 | D        | Noticed Sigmund
   128 | D        | Killed Sigmund
   129 | D        | Reached skill level 5 in Short Blades
   129 | D        | Reached skill level 15 in Stealth
   129 | D        | Reached XP level 6. HP: 44/44 MP: 6/6
   140 | D        | Found a shimmering blue altar of Sif Muna.
   141 | D        | Found an ornate altar of the Wu Jian Council.
   142 | D        | Found a radiant altar of Vehumet.
   161 | D        | Found Miera's Book Emporium.
   161 | D        | Found an ancient bone altar of Kikubaaqudgha.
   161 | D        | Found a hazy altar of Hepliaklqana.
   161 | D        | Found a hide-covered altar of Uskayaw.
   161 | D        | Found a basalt altar of Yredelemnul.
   161 | D        | Found an opulent altar of Gozag.
   161 | D        | Found a snail-covered altar of Cheibriados.
   161 | D        | Found a sacrificial altar of Ru.
   161 | D        | Found a shadowy altar of Dithmenos.
   161 | D        | Noticed a yak
   162 | D        | Found a stormy altar of Qazlal.
   162 | D        | Found a blossoming altar of Fedhas.
   162 | D        | Found a bloodstained altar of Trog.
   162 | D        | Found an iron altar of Okawaru.
   162 | D        | Found a glowing golden altar of the Shining One.
   162 | D        | Found a glowing silver altar of Zin.
   162 | D        | Found a white marble altar of Elyvilon.
   163 | D        | Killed a yak
   164 | D        | Reached skill level 5 in Fighting
   164 | D        | Reached skill level 17 in Stealth
   164 | D        | Reached skill level 1 in Evocations
   164 | D        | Reached XP level 7. HP: 50/50 MP: 7/7
   164 | D        | Found a sparkling altar of Nemelex Xobeh.
   187 | D        | Found a burning altar of Makhleb.
   187 | D        | Found a shimmering altar of Xom.
   187 | D        | Noticed a slime creature
   188 | D        | Found a viscous altar of Jiyva.
   188 | D        | Found a corrupted altar of Lugonu.
   190 | D        | Killed a slime creature
   191 | D        | Reached skill level 18 in Stealth
   203 | D        | Noticed a kobold demonologist
   204 | D        | Noticed a kobold demonologist
   207 | D        | Reached skill level 19 in Stealth
   207 | D        | Killed a kobold demonologist
   208 | D        | Reached skill level 20 in Stealth
   208 | D        | Reached XP level 8. HP: 57/57 MP: 8/8
   209 | D        | Killed a kobold demonologist
   210 | D        | Reached skill level 21 in Stealth
   229 | D        | Became a worshipper of Jiyva Jarujiho the Shapeless
   238 | D        | Noticed a demonic crawler
   238 | D        | Noticed a demonic crawler
   238 | D        | Noticed a demonic crawler
   238 | D        | Noticed a demonic crawler
   240 | D        | Killed a demonic crawler
   241 | D        | Reached skill level 23 in Stealth
   241 | D        | Reached XP level 9. HP: 63/63 MP: 9/9
   313 | D        | Noticed Sonja
   313 | D        | Noticed a shining eye
   313 | D        | Noticed a shining eye
   313 | D        | Noticed a shining eye
   314 | D        | Noticed a shining eye
   314 | D        | Noticed a shining eye
   333 | D        | Killed a shining eye
   341 | D        | Killed Sonja
   342 | D        | Reached skill level 24 in Stealth
   348 | D        | Noticed a shining eye
   348 | D        | Noticed a shining eye
   350 | D        | Found Jismoph's Assorted Antiques.
   376 | D        | Noticed a shining eye
   504 | D        | Noticed a deep troll
   506 | D        | Reached * piety under Jiyva
   509 | D        | Found Cyruid's Armour Emporium.
   511 | D        | Killed a deep troll
   512 | D        | Reached skill level 25 in Stealth
   524 | D        | Noticed a centaur warrior
   524 | D        | Noticed a centaur warrior
   527 | D        | Killed a centaur warrior
   528 | D        | Reached skill level 26 in Stealth
   528 | D        | Reached XP level 10. HP: 71/71 MP: 10/10
   528 | D        | Killed a centaur warrior
   534 | D        | Reached skill level 27 in Stealth
   545 | D        | Noticed an oklob plant
   547 | D        | Killed an oklob plant
   570 | D        | Found Timneweo's Weapon Shoppe.
   576 | D        | Found Efasaw's Weapon Boutique.
   576 | D        | Found Qanyudi's Magic Scroll Emporium.
   576 | D        | Reached ** piety under Jiyva
   576 | D        | Found Yfregaul's Antique Armour Emporium.
   578 | D        | Found Inle's Book Boutique.
   578 | D        | Found Ducuk's Armour Shoppe.
   578 | D        | Found Kuff's Distillery.
   578 | D        | Found Lacvonn's Book Emporium.
   578 | D        | Found Runwiano's Weapon Boutique.
   578 | D        | Found Ciuculoc's Distillery.
   578 | D        | Found Foil's Jewellery Shop.
   582 | D        | Found Kadimuwi's Assorted Antiques.
   583 | D        | Found Musiosump's General Store.
   584 | D        | Found Mosetwiq's Assorted Antiques.
   589 | D        | Bought a +4 ring of protection for 396 gold pieces
   623 | D        | Killed a shining eye
   633 | D        | Slain by a demonic crawler

Illustrated notes

Levels and vault maps discovered:
D:        dungeon_sprint_1 [red_sonja_temple_1, red_sonja_temple_small_1]

Skill      XL: |  1  2  3  4  5  6  7  8  9 10 |
---------------+-------------------------------+-----
Stealth        | 8 12 15 17 20 23 26 27 | 27.0
Fighting       | 3 4 5 6 7 8 |  8.7
Short Blades   | 4 5 6 7 8 9 |  9.4
Dodging        | 2 3 4 |  4.7
Evocations     | 1 2 3 4 |  4.0
Throwing       | |  2.7

Action                     |  1- 3 |  4- 6 |  7- 9 | 10-12 || total
---------------------------+-------+-------+-------+-------++-------
  Melee: Dagger            |     6 |     3 |    10 |    10 ||    29
         Constrict         |     1 |       |       |       ||     1
         Tentacles         |     1 |       |       |       ||     1
         Punch             |       |       |       |     1 ||     1
  Throw: Dart              |     5 |       |     1 |       ||     6
  Evoke: Wand              |     1 |       |     1 |       ||     2
    Use: Scroll            |       |       |     1 |       ||     1
         Potion            |       |       |     1 |       ||     1
   Stab: Sleeping          |       |     3 |     7 |     5 ||    15
 Armour: Skin              |       |       |     1 |     1 ||     2
  Dodge: Dodged            |     3 |       |     9 |    11 ||    23

Table legend: (Time is in decaauts)
 A = Elapsed time spent in this place.
 B = Non-inter-level travel time spent in this place.
 C = Inter-level travel time spent in this place.
 D = Time resting spent in this place.
 E = Time spent auto-exploring this place.
 F = Levels seen in this place.
 G = Mean time per level.
                   A        B        C        D        E       F      G
               +--------+--------+--------+--------+--------+-----+--------+
         Total |    623 |    623 |      0 |    132 |    158 |   1 |  623.0 |
       Dungeon |    623 |    623 |      0 |    132 |    158 |   1 |  623.0 |
               +--------+--------+--------+--------+--------+-----+--------+

Top non-repeatable levels by time:
       D: 623 daAuts
